 Dungeon Crawl Stone Soup version 0.28.0-1-gb440e238dd (webtiles) character file.

Game seed: 18113752461865626725

93 spaghetti the Slasher (level 4, 0/28 HPs)
             Began as a Tengu Delver on Feb 19, 2022.
             Slain by an orc (2 damage)
             ... on level 6 of the Dungeon.
             The game lasted 00:00:52 (1137 turns).

spaghetti the Slasher (Tengu Delver)                Turns: 1137, Time: 00:00:53

Health: 0/28       AC:  3    Str: 15    XL:     4   Next: 62%
Magic:  5/5        EV: 12    Int: 10    God:
Gold:   41         SH:  0    Dex: 15    Spells: 3/3 levels left

rFire   . . .      SeeInvis .   a - +0 falchion (vorpal)
rCold   . . .      Faith    .   (no shield)
rNeg    . . .      Spirit   .   b - +0 leather armour
rPois   .          Reflect  .   (helmet restricted)
rElec   .          Harm     .   (no cloak)
rCorr   .          Rampage  .   (no gloves)
Will    .....                   (boots unavailable)
Stlth   +++.......              (no amulet)
HPRegen 0.09/turn               (no ring)
MPRegen 0.09/turn               (no ring)

@: no status effects
A: beak, talons 3
a: no special abilities


You were on level 6 of the Dungeon.
You visited 1 branch of the dungeon, and saw 2 of its levels.

You collected 41 gold pieces.

Inventory:

Hand Weapons
 a - a +0 vorpal falchion (weapon)
Armour
 b - a +0 leather armour (worn)
Wands
 g - a wand of digging (3)
Scrolls
 c - a scroll of fog
 d - a scroll of magic mapping
 e - a scroll of fear
 f - a scroll of vulnerability {unknown}
Potions
 i - a potion of heal wounds


   Skills:
 - Level 3.0 Fighting
 + Level 5.2 Long Blades
 - Level 2.1 Dodging
 - Level 5.0 Stealth


You had 3 spell levels left.
You didn't know any spells.
Your spell library contained the following spells:

 Spells                   Type           Power      Damage    Failure   Level
 Leda's Liquefaction      Hex/Erth       0%         N/A       99%         4
 Lee's Rapid Deconstruct  Erth           0%         3d5*      100%        5
 Statue Form              Tmut/Erth      0%         N/A       100%        6


Dungeon Overview and Level Annotations

Branches:
Dungeon (6/15)
 Temple: D:4-7

Altars:
Qazlal


Innate Abilities, Weirdness & Mutations

You have a beak for a mouth.
You have claws for feet.


Message History

You completely miss the necrophage. Your kick misses the necrophage.
The necrophage is almost destroyed.
The necrophage hits you.
* * * LOW HITPOINT WARNING * * *
You hit the necrophage.
You destroy the necrophage!
Your Long Blades skill gained 3 levels and is now at level 5!
You have reached level 3!
Your experience leads to an increase in your attributes!
Increase (S)trength, (I)ntelligence, or (D)exterity?
You feel stronger. x2
You have reached level 4!
You feel stronger.
You start resting.
Your extra speed is starting to run out.
You start resting.
You feel yourself slow down.
You start resting.
You start resting.
HP restored.
f - a scroll labelled IXZOVA QENAE An orc comes into view.
It is wielding a +0 hand axe.
An orc is nearby!
Found a stormy altar of Qazlal.
The orc shouts! x3; You hear a bark!
An orc comes into view. It is wielding a +0 hand axe.
The orc throws a stone.
The stone closely misses you. The orc closely misses you.
An orc priest comes into view. It is wielding a +2 vorpal falchion.
The orc shouts!
The orc priest shouts!
You slash the orc!
You kill the orc!
The orc priest calls down the wrath of Beogh upon you.
Beogh smites you!
The hound pauses to sniff the ground.
The orc priest invokes the aid of Beogh against you.
Beogh smites you!
* * * LOW HITPOINT WARNING * * *
The orc hits you with a +0 trident.
You die...

## #.≈..#
...#.≈..##
_.#.≈... ≈
...≈..###
≈.#####.≈....#
≈......h≈).#.#
.≈≈≈≈≈≈≈≈....#
...o.oo@.....#
......o##.##.#
..##### #.)..#
#######....#
#.....#.####
#.###.#.# ###
##..# ####
#....# #..#.##


You could see a hound, an orc priest and 3 orcs.

Vanquished Creatures
  A necrophage (D:6)
  A white imp (D:6)
  An orc (D:6)
3 creatures vanquished.

Notes
Turn   | Place    | Note
-------+----------+-------------------------------------------
     0 | D:5      | spaghetti the Tengu Delver began the quest for the Orb.
     0 | D:5      | Reached XP level 1. HP: 14/14 MP: 2/2
    21 | D:5      | Noticed a scorpion
    33 | D:6      | Reached XP level 2. HP: 19/19 MP: 3/3
   174 | D:6      | Noticed a wight
   175 | D:6      | Noticed a wight
   176 | D:6      | Noticed a wight
   803 | D:6      | Noticed a necrophage
   816 | D:6      | Killed a necrophage
   817 | D:6      | Reached skill level 5 in Long Blades
   817 | D:6      | Reached XP level 3. HP: 1/23 MP: 4/4
   817 | D:6      | Reached XP level 4. HP: 1/28 MP: 5/5
  1131 | D:6      | Found a stormy altar of Qazlal.
  1137 | D:6      | Slain by an orc

Illustrated notes

Levels and vault maps discovered:
D:5:      layout_rooms, minmay_temple_entry_enclosed_plants,
          gup_sewer_entry_bubbles
D:6:      layout_basic, mainiacjoe_overflow_brackets,
          kennysheep_cross_bottleneck, uniq_blork_the_orc, uniq_menkaure,
          uniq_prince_ribbit1

Skill      XL: |  1  2 |
---------------+-------+-----
Long Blades    | 5 |  5.2
Fighting       | |  3.0
Dodging        | |  2.1
Stealth        | |  5.0

Action                   |  1- 3 |  4- 6 || total
-------------------------+-------+-------++-------
Melee: Falchion          |    11 |     1 ||    12
       Kick              |     4 |       ||     4
  Use: Scroll            |     2 |       ||     2
       Potion            |     2 |       ||     2
Dodge: Dodged            |     5 |     2 ||     7
